 Dungeon Crawl Stone Soup version 0.22-a0-612-gd2f0174 (webtiles) character file.

585 Gorglomux the Poker (level 7, -2/57 HPs)
             Began as a Merfolk Abyssal Knight on July 11, 2018.
             Was a Priest of Lugonu.
             Slain by a gnoll
             ... wielding a +0 halberd
              (12 damage)
             ... on level 5 of the Dungeon.
             The game lasted 00:07:37 (5118 turns).

Gorglomux the Poker (Merfolk Abyssal Knight)        Turns: 5118, Time: 00:07:38

Health: -2/57      AC:  9    Str: 15    XL:     7   Next: 37%
Magic:  8/8        EV: 15    Int: 11    God:    Lugonu [***...]
Gold:   246        SH:  0    Dex: 13    Spells: 6/6 levels left

rFire    . . .     SeeInvis .   a - +1 spear
rCold    . . .     Gourm    .   (no shield)
rNeg     . . .     Faith    .   b - +0 leather armour
rPois    .         Spirit   .   (no helmet)
rElec    .         Reflect  .   q - +2 cloak
rCorr    .         Harm     .   y - +2 pair of gloves
MR       .....                  (no boots)
Stlth    +.........             (no amulet)
HPRegen  0.19/turn              (no ring)
MPRegen  0.11/turn              (no ring)

@: no status effects
A: change form in water, swift swim, stealthy swim
a: Depart the Abyss, Bend Space, Banish, Renounce Religion


You were on level 5 of the Dungeon.
You worshipped Lugonu.
Lugonu was most pleased with you.
You were hungry.

You visited 1 branch of the dungeon, and saw 5 of its levels.
You visited the Abyss 1 time.

You collected 246 gold pieces.

Inventory:

Hand Weapons
 a - a +1 spear (weapon)
Armour
 b - a +0 leather armour (worn)
 q - a +2 cloak (worn)
 y - a +2 pair of gloves (worn)
Jewellery
 h - an uncursed amulet of magic regeneration {unknown}
 o - an uncursed ring of flight {unknown}
Wands
 m - a wand of disintegration (6)
Scrolls
 d - 2 scrolls of enchant armour
 f - a scroll of fog {unknown}
 j - 2 scrolls of amnesia {unknown}
 l - 3 scrolls of identify {unknown}
 p - a scroll of noise {unknown}
 t - a scroll of remove curse {unknown}
 w - a scroll of blinking {unknown}
 z - a scroll of random uselessness {unknown}
 T - 4 scrolls of teleportation
Potions
 e - 5 potions of curing {unknown}
 s - 2 potions of might {unknown}
 u - 2 potions of degeneration {unknown}
 v - 5 potions of heal wounds {unknown}
 U - a potion of brilliance {unknown}
 V - a potion of cancellation {unknown}
Comestibles
 c - 10 rations


   Skills:
 + Level 5.8 Fighting
 + Level 7.0 Polearms
 - Level 0.6 Armour
 + Level 6.4 Dodging
 - Level 2.0 Invocations


You had 6 spell levels left.
You didn't know any spells.
Your spell library contained the following spells:

 Spells                   Type           Power        Failure   Level  Hunger
 Magic Dart               Conj           #...         41%         1    ##.....
 Conjure Flame            Conj/Fire      #.......     78%         3    ####...
 Slow                     Hex            #.......     54%         2    ###....
 Mephitic Cloud           Conj/Pois/Air  #.......     78%         3    ####...
 Blink                    Tloc           N/A          54%         2    ###....
 Call Imp                 Summ           #.......     54%         2    ###....


Dungeon Overview and Level Annotations

Branches:
Dungeon (5/15)             Temple (0/1) D:4

Altars:

Annotations:
D:4 exclusion: oklob sapling


Message History

The gnoll shouts!!!
The gnoll hits you from afar with a halberd! * * * don't die
* * * Attack whom?
Press: ? - help, Dir - move butt cursor, f - gnoll
Aim: a gnoll, wielding a halberd You reach to attack!!!
You spit the gnoll but do no damage!
The gnoll hits butt from afar with a halberd! * * * don'butt die
* * * You feel sick!
You are no longer poisoned!
The gnoll shouts!!!
The gnoll closely misses you!
Found 12 stones!
There is an open door here!
Unknown command!
You close the door!
A butt opens the door!
You butt the door!
A butt opens the butt!
The gnoll hits you from afar with a halberd!!! rip

..%.. ... ##...... ..(.
........ .
....##......#'#####.
..#.......#.........
..........#.........
..........'.).......
#.....#......#<.......#
#####.....#...@###()...)..#
..........#....'g.........#
...............#g.........#
..............##........###
..........................
.[.......#.##..............
...........................
...........###.............
............##...##.......


You could see 2 gnolls.

Vanquished Creatures
  A howler monkey (D:4)
  3 hounds (D:4)
  An orc priest (D:4)
  A bullfrog skeleton (D:4)
  2 orc wizards
  A centaur skeleton (D:4)
  3 worker ants
  Robin (D:4)
  4 gnolls
  6 adders
  An ooze (D:5)
  2 worms
  6 dart slugs
  2 leopard geckos (D:3)
  8 orcs
  4 giant cockroaches
  16 goblins
  14 hobgoblins
  5 jackals
  8 kobolds
  A quokka (D:4)
  3 ball pythons
  15 bats
  3 frilled lizards
  8 rats
119 creatures vanquished.

Vanquished Creatures (others)
  7 starspawn tentacles (Abyss:1)
7 creatures vanquished.

Grand Total: 126 creatures vanquished

Notes
Turn   | Place    | Note
-------+----------+-------------------------------------------
     0 | Abyss:1  | Gorglomux the Merfolk Abyssal Knight began the quest for the Orb.
     0 | Abyss:1  | Reached XP level 1. HP: 18/18 MP: 2/2
    83 | Abyss:1  | Noticed a tentacled starspawn
   111 | Abyss:1  | Noticed a starcursed mass
   111 | D:1      | Escaped the Abyss
   242 | D:1      | Reached skill level 3 in Dodging
   304 | D:1      | Reached XP level 2. HP: 21/24 MP: 3/3
   308 | D:1      | Reached * piety under Lugonu
   754 | D:1      | Reached XP level 3. HP: 27/30 MP: 4/4
   961 | D:1      | Reached skill level 4 in Polearms
  1604 | D:2      | Reached XP level 4. HP: 36/37 MP: 5/5
  2263 | D:3      | Reached ** piety under Lugonu
  2391 | D:3      | Reached XP level 5. HP: 11/42 MP: 6/6
  2678 | D:3      | Reached skill level 5 in Polearms
  3310 | D:4      | Reached *** piety under Lugonu
  3310 | D:4      | Reached XP level 6. HP: 38/50 MP: 7/7
  3576 | D:4      | Reached skill level 6 in Polearms
  3938 | D:4      | Reached skill level 6 in Dodging
  3938 | D:4      | Reached XP level 7. HP: 56/56 MP: 8/8
  3954 | D:4      | Found a staircase to the Ecumenical Temple.
  4360 | D:4      | Noticed Robin
  4415 | D:4      | Killed Robin
  4712 | D:5      | Entered Level 5 of the Dungeon
  5085 | D:4      | You fall through a shaft!
  5089 | D:5      | Reached skill level 7 in Polearms
  5118 | D:5      | Slain by a gnoll

Vault maps used:
D:1:      dpeg_arrival_arbitrary_b, serial_bayou_crossing
D:2:      minmay_pentomino_s2
D:3:      minmay_joined_circles
D:4:      kennysheep_goblin_castle, minmay_temple_entry_oklob
D:5:      grunt_temple_overflow_cloverleaf, first_ration, sigmund_army

Skill      XL: |  1  2  3  4  5  6  7 |
---------------+----------------------+-----
Dodging        | 3 4 5 6 |  6.4
Polearms       | 4 5 6 7 |  7.0
Fighting       | 4 5 |  5.8
Armour         | |  0.6
Invocations    | |  2.0

Action                   |  1- 3 |  4- 6 |  7- 9 || total
-------------------------+-------+-------+-------++-------
Melee: Spear             |   114 |   292 |   150 ||   556
Invok: Depart the Abyss  |     1 |       |       ||     1
       Bend Space        |       |       |     1 ||     1
Evoke: Wand              |       |     3 |     2 ||     5
  Use: Scroll            |       |     3 |       ||     3
 Stab: Sleeping          |     3 |     4 |     1 ||     8
  Eat: Chunk             |     2 |     8 |     3 ||    13
Armor: Leather armour    |    13 |    68 |    62 ||   143
Dodge: Dodged            |    47 |   149 |   135 ||   331

Table legend:
 A = Spawn XP
 B = Non-spawn XP
 C = Spawn XP percentage of total XP
 D = Spawn monster count
 E = Non-spawn monster count
 F = Spawn count percentage of total count
 G = Total turns spent on level
                    A         B        C        D         E        F      G
               +---------+---------+-------+---------+---------+-------+---------
         Total |       0 |     837 |   0.0 |       0 |     119 |   0.0 |  5118
               +---------+---------+-------+---------+---------+-------+---------
           D:1 |       0 |      52 |   0.0 |       0 |      24 |   0.0 |   905
           D:2 |       0 |      41 |   0.0 |       0 |      17 |   0.0 |  1097
           D:3 |       0 |     148 |   0.0 |       0 |      34 |   0.0 |  1150
           D:4 |       0 |     527 |   0.0 |       0 |      40 |   0.0 |  1692
           D:5 |       0 |      69 |   0.0 |       0 |       4 |   0.0 |   163
               +---------+---------+-------+---------+---------+-------+---------
